 Dungeon Crawl Stone Soup version 0.26-a0-540-g8a0c9464d7 (webtiles) character file.

Game seed: 1546637959093199560

62 HoaS the Ruffian (level 3, -6/36 HPs)
             Began as a Troll Monk on Aug 19, 2020.
             Mangled by Crazy Yiuf
             ... wielding a +3 quarterstaff of chaos
              (19 damage)
             ... on level 2 of the Dungeon.
             The game lasted 00:02:41 (1257 turns).

HoaS the Ruffian (Troll Monk)                       Turns: 1257, Time: 00:02:42

Health: -6/36      AC:  6    Str: 19    XL:     3   Next: 85%
Magic:  2/2        EV: 11    Int:  6    God:
Gold:   118        SH:  0    Dex: 13    Spells: 2/2 levels left

rFire    . . .     SeeInvis .     - Unarmed
rCold    . . .     Faith    .   (no shield)
rNeg     . . .     Spirit   .   a - +0 robe
rPois    .         Reflect  .   (helmet restricted)
rElec    .         Harm     .   (no cloak)
rCorr    .                      (gloves unavailable)
MR       .....                  (boots unavailable)
Stlth    ++........             (no amulet)
HPRegen  0.52/turn              (no ring)
MPRegen  0.08/turn              (no ring)

@: no status effects
A: large, unfitting armour, claws 3, regeneration 1, shaggy fur 1, tough skin 3
a: no special abilities


You were on level 2 of the Dungeon.
You visited 1 branch of the dungeon, and saw 2 of its levels.

You collected 118 gold pieces.

Inventory:

Armour
 a - a +0 robe (worn)
Jewellery
 f - an uncursed ring of wizardry {unknown}
Wands
 h - a wand of flame (5)
Scrolls
 e - a scroll of blinking
Potions
 b - 2 potions of curing {unknown}
 c - a potion of ambrosia
 d - a potion of degeneration {unknown}
 g - a potion of invisibility {unknown}
 i - a potion of lignification {unknown}
 j - a potion of cancellation {unknown}


   Skills:
 + Level 2.9 Fighting
 + Level 2.8 Dodging
 - Level 1.0 Stealth
 * Level 4.0 Unarmed Combat


You had 2 spell levels left.
You didn't know any spells.
Your spell library was empty.

Dungeon Overview and Level Annotations

Branches:
Dungeon (2/15)

Altars:
The Shining One

Annotations:
D:2 Crazy Yiuf


Innate Abilities, Weirdness & Mutations

You are too large for most types of armour.
You have claws for hands.
Your natural rate of healing is unusually fast.
You are covered in fur. (AC +1)
You have extremely tough skin. (AC +3)


Message History

a +0 short sword; 3 stones; a kobold skeleton
There is a stone staircase leading down here.
You see here an adder skeleton.
You open the door.
Crazy Yiuf shouts!
There is an open translucent door here.
You scratch Crazy Yiuf but do no damage.
Crazy Yiuf hits you with a +3 quarterstaff of chaos.
You closely miss Crazy Yiuf. You closely miss Crazy Yiuf.
Crazy Yiuf screams, "Whippet meccalolo hand!"
Crazy Yiuf hits you with a +3 quarterstaff of chaos!
Crazy Yiuf burns you.
You barely miss Crazy Yiuf. Your claw misses Crazy Yiuf.
Crazy Yiuf barely misses you.
You scratch Crazy Yiuf but do no damage.
Crazy Yiuf hits you with a +3 quarterstaff of chaos!
You are electrocuted!!
Ouch! That really hurt!
You die...

..........(...#
#######.#####.# #.# #.#
#.# ### #.# ##.## ##...##
#### ###### #####.....#
#)..### ##.+..##
..........#
#..g@.####......#
#####.....#
#...##..#.......# ##...##
#### ###.#..+...# ##.##
#######.#### #.### #....#
#...###################.#
#####...............รท...#
#.####.##############
#.####># ############


You could see Crazy Yiuf.

Vanquished Creatures
  2 adders (D:2)
  2 worms (D:2)
  2 dart slugs (D:1)
  2 giant cockroaches (D:2)
  6 goblins
  2 hobgoblins
  2 jackals (D:2)
  A quokka (D:2)
  A ball python (D:2)
  2 bats (D:1)
  4 frilled lizards
  4 kobolds
  7 rats
37 creatures vanquished.

Notes
Turn   | Place    | Note
-------+----------+-------------------------------------------
     0 | D:1      | HoaS the Troll Monk began the quest for the Orb.
     0 | D:1      | Reached XP level 1. HP: 22/22 MP: 0/0
    96 | D:1      | Reached XP level 2. HP: 29/29 MP: 1/1
   458 | D:2      | Found a glowing golden altar of the Shining One.
   507 | D:2      | Reached XP level 3. HP: 36/36 MP: 2/2
   903 | D:2      | Reached skill level 4 in Unarmed Combat
   933 | D:2      | Found a runed translucent door.
   934 | D:2      | Noticed Crazy Yiuf
  1257 | D:2      | Mangled by Crazy Yiuf

Illustrated notes

Levels and vault maps discovered:
D:1:      dpeg_arrival_snail, layout_rooms, st_stairs_6, minivault_27
D:2:      layout_loops_ring, tso_metal_star, uniq_crazy_yiuf_cottage

Skill      XL: |  1  2  3 |
---------------+----------+-----
Unarmed Combat | 4 |  4.0
Fighting       | |  2.9
Dodging        | |  2.8
Stealth        | |  1.0

Action                   || total
-------------------------++-------
Melee: Unarmed           ||   102
       Punch             ||     1
  Use: Scroll            ||     4
 Stab: Sleeping          ||     2
       Distracted        ||     1
Armor: Robe              ||    20
Dodge: Dodged            ||    45

Table legend: (Time is in decaauts)
 A = Elapsed time spent in this place.
 B = Non-inter-level travel time spent in this place.
 C = Inter-level travel time spent in this place.
 D = Time resting spent in this place.
 E = Time spent auto-exploring this place.
 F = Levels seen in this place.
 G = Mean time per level.
                   A        B        C        D        E       F      G
               +--------+--------+--------+--------+--------+-----+--------+
         Total |   1249 |   1234 |     15 |     16 |    988 |   2 |  624.5 |
       Dungeon |   1249 |   1234 |     15 |     16 |    988 |   2 |  624.5 |
               +--------+--------+--------+--------+--------+-----+--------+

Top non-repeatable levels by time:
     D:2: 834 daAuts
     D:1: 414 daAuts
